← All builds
Pond / Legion / Economy first / OBSERVED BUILD

Standard pond

Legion Pond builds its bot lab by 3:45, boosts front and tidals, then adds a shipyard around 8:25 and an advanced metal extractor by 9:11, transitioning into seaplane gunships and other bots to keep helping the front hold until team T2.

#eco #team support · 11 distinct matches · 6 players · 52% of Legion Pond games · team won 67% of 12 · Recently observed

THE CATCH, AND WHAT COMES WITH IT
  • EnyoEnyo in 42%17% of all Pond games by then

Then transitions into Goblin (22% of army), Enyo (19% of army), Satyr (12% of army).

HOW TO PLAY IT

Key timing: Legion Bot Lab by 3:54

  1. Build tidal generators and mex first to fund boosting.
  2. Boost fronts with wind or tidal, adjusting to their wind level.
  3. Get a Legion Bot Lab up around 3:54 for your own units.
  4. Send Goblins, Enyos, Satyrs and Karkinos to reinforce front.
  5. Upgrade a mex to Advanced Metal Extractor as tech kicks in.

Phase by phase

TYPICAL OF ITS 11 GAMES
  1. 1
  2. 2
  3. 3
  4. 4
PLAY THE OPENING

Follow the example game's first 6:00 step by step: what to build now, what comes next, and where it goes. At 1× it keeps pace with your own game.

  1. 1

    Up to the Legion Bot Lab

    Economy
    • Metal Extractor4Mex
    • Tidal Generator8Tidalfor allies
    • Wind Turbine6Wind
    Order
    1. Legion Bot LabLegion Bot Lab after 4 mex, 6 wind, 1 energy storagedone ~3:45, middle half 3:12–6:56

    Some games also: energy storage (50%) · tidal (50%)

    By 3:20 in all: 4 mex · 6 wind

    The example game in this phase · 15 steps
    1. Tidal ×9for Suicide front
    2. Mex
    3. Wind ×2
    4. Mex ×3
    5. Wind ×8
    6. Energy storage
    7. Con turret ×2
    8. Wind ×10
    9. BrambleBramble
    10. Wind ×8
    11. BrambleBramble
    12. Wind ×4
    13. PharosPharos
    14. Converter ×5
    15. Legion Bot LabLegion Bot Labdone 7:35 · typical 3:45
  2. 2

    Legion Bot Lab to 5:00

    Some games also: Legion Construction Bot (50%) · wind (42%)

    By 5:00 in all: 4 mex · 10 wind · 1 tidal · 1 energy storage

  3. 3

    5:00 to Shipyard

    Economy
    • Wind Turbine13Wind
    Order
    1. ShipyardShipyard after 4 mex, 14 wind, 1 energy storagedone ~8:25, middle half 5:10–11:20
    Builders
    • Legion Construction Bot2 Legion Construction Bot

    Some games also: Goblin (42%) · converter (42%)

    By 8:10 in all: 4 mex · 21 wind · 1 tidal · 2 converter · 1 energy storage

    The example game in this phase · 52 steps
    1. Converter ×3
    2. Legion Construction BotLegion Construction Bot
    3. Converter
    4. Legion Construction BotLegion Construction Bot
    5. BrambleBramble
    6. Legion Construction BotLegion Construction Bot ×2
    7. Con turret
    8. Legion Construction BotLegion Construction Bot
    9. Con turret
    10. Mex
    11. Con turret
    12. SatyrSatyr ×3
    13. Con turret
    14. SatyrSatyr
    15. Advanced Metal ExtractorT2 mexdone 9:10 · typical 9:11
    16. SatyrSatyr ×3
    17. GoblinGoblin
    18. SatyrSatyr ×6
    19. Advanced Metal ExtractorT2 mex
    20. GoblinGoblin
    21. Wind
    22. SatyrSatyr
    23. Wind
    24. SatyrSatyr
    25. Wind ×2
    26. SatyrSatyr
    27. Wind
    28. SatyrSatyr
    29. Mex
    30. Wind
    31. SatyrSatyr
    32. Wind
    33. SatyrSatyr
    34. Wind
    35. GoblinGoblin
    36. SatyrSatyr
    37. Wind
    38. SatyrSatyr
    39. Advanced Metal ExtractorT2 mex
    40. Wind
    41. SatyrSatyr
    42. Wind
    43. SatyrSatyr ×2
    44. Wind
    45. SatyrSatyr
    46. GoblinGoblin
    47. Wind
    48. SatyrSatyr ×2
    49. Wind
    50. SatyrSatyr
    51. Wind
    52. ShipyardShipyarddone 10:35 · typical 8:25
  4. 4

    Shipyard to 10:00

    Some games also: wind (42%) · con turret (33%) · converter (33%)

    By 10:00 in all: 4 mex · 26 wind · 1 tidal · 6 converter · 1 energy storage · 1 con turret

    The example game in this phase · 131 steps
    1. SatyrSatyr
    2. Wind
    3. SatyrSatyr
    4. Wind
    5. Construction ShipCon ship
    6. Advanced Metal ExtractorT2 mex
    7. Wind ×4
    8. Mex
    9. Wind ×5
    10. Offshore Seaplane PlatformOffshore Seaplane Platformdone 11:42
    11. Wind
    12. Con turret
    13. Wind
    14. Con turret ×5
    15. Naval Energy Converter
    16. Wind
    17. Naval Energy Converter
    18. Wind
    19. Naval Energy Converter
    20. Con turret
    21. Naval Energy Converter
    22. Wind
    23. Con turret
    24. Naval Energy Converter
    25. Wind
    26. Naval Energy Converter
    27. Mex
    28. Con turret
    29. Naval Energy Converter
    30. CitadelAnti-nukenot finished by 15:00
    31. Naval Energy Converter
    32. Wind
    33. Con turret
    34. Naval Energy Converter
    35. Wind
    36. LadonLadon
    37. Wind
    38. Mex
    39. LadonLadon
    40. Wind
    41. LadonLadon
    42. Naval Construction Turret
    43. Wind
    44. LadonLadon
    45. Naval Construction Turret
    46. Wind
    47. Naval Construction Turret
    48. Wind
    49. LadonLadon
    50. Wind
    51. LadonLadon
    52. Wind
    53. LadonLadon
    54. Wind
    55. LadonLadon
    56. Wind
    57. LadonLadon
    58. Wind
    59. Tidal
    60. LadonLadon
    61. Wind
    62. LadonLadon
    63. Wind
    64. LadonLadon
    65. Wind
    66. Tidal
    67. LadonLadon
    68. Wind
    69. LadonLadon
    70. Advanced solar
    71. LadonLadon
    72. Tidal
    73. Wind ×2
    74. Advanced solar
    75. Tidal
    76. LadonLadon
    77. Wind ×2
    78. LadonLadon
    79. Wind
    80. Advanced solar
    81. LadonLadon
    82. Wind
    83. LadonLadon
    84. Tidal
    85. Advanced solar
    86. Wind
    87. LadonLadon
    88. Wind
    89. HecatoncheirHecatoncheir
    90. Wind
    91. Legion DroneLegion Drone
    92. HecatoncheirHecatoncheir
    93. Wind
    94. Legion DroneLegion Drone
    95. HecatoncheirHecatoncheir
    96. Tidal
    97. Wind
    98. Legion DroneLegion Drone
    99. HecatoncheirHecatoncheir
    100. Legion DroneLegion Drone
    101. Wind
    102. HecatoncheirHecatoncheir
    103. Legion DroneLegion Drone ×2
    104. Wind
    105. HecatoncheirHecatoncheir
    106. Legion DroneLegion Drone ×2
    107. Wind
    108. HecatoncheirHecatoncheir
    109. Legion DroneLegion Drone
    110. Tidal
    111. Legion DroneLegion Drone
    112. HecatoncheirHecatoncheir
    113. Legion DroneLegion Drone
    114. HecatoncheirHecatoncheir
    115. Legion DroneLegion Drone ×2
    116. HecatoncheirHecatoncheir
    117. Legion DroneLegion Drone ×2
    118. Tidal
    119. Legion DroneLegion Drone
    120. AstrapiosAstrapios
    121. Legion DroneLegion Drone
    122. Tidal
    123. AstrapiosAstrapios
    124. Legion DroneLegion Drone
    125. AstrapiosAstrapios
    126. Legion DroneLegion Drone
    127. AstrapiosAstrapios ×2
    128. Legion DroneLegion Drone
    129. Wind
    130. AstrapiosAstrapios ×3
    131. Wind

Counts are medians over the build's games: half of them build more, half fewer. The example game is Boozha's (37 OS, 11/09/2026); pick another.

Team trades

IN AT LEAST 30% OF ITS GAMES

You hand over

  • Tidal Generator8 Tidal to Suicide front or Frontfirst at 0:13 · in 92% of games

You get

  • Gunslinger1 Gunslinger from Tech or Suicide frontfirst at 5:20 · in 33% of games
  • Advanced Construction Bot1 T2 con bot from Tech or Geofirst at 7:59 · in 92% of games

How it plays out

Typical game of this build, running totals by minute

Metal produced

010k20k
0:005:0010:0015:00

metal

Enemy metal destroyed

02.5k5k7.5k
0:005:0010:0015:00

metal

Own metal lost

01k2k3k
0:005:0010:0015:00

metal

12 games.

Show as table
ByMetal produced: This buildEnemy metal destroyed: This buildOwn metal lost: This build
1:0011500
2:0028100
3:0084300
4:00151100
5:00224900
6:00313200
7:003946750
8:0047173000
9:006022647110
10:0074911400315
11:0092062529650
12:001138130371247
13:001433657121642
14:001686857921927
15:001848762442617
WHAT THE NUMBERS SAY

Standard Pond wins 62% of games while producing the least metal of the sampled roles, reflecting its support-first job.

  • + Zero own metal lost by 10:00 shown at 0, indicating very low early risk.
  • − Lowest 15:00 metal production of all sampled builds, only 18689.
THE EXAMPLE YOU ARE READING

Boozha

37.0 OS · 11/09/2026

Open source match ↗

3 received units · includes a constructor
898 metal received · 68137 energy received

Allied construction assistance is unknown. Timings are observations, not a promise of solo reproducibility.

Typical milestones

Legion Bot Lab3:45Middle 50%: 3:12–6:56 · n=10
Shipyard8:25Middle 50%: 5:10–11:20 · n=6
Advanced Metal Extractor9:11Middle 50%: 8:35–9:35 · n=10

Played most by

Boozha5games of this buildViltrum3games of this build[BS]Hellzie1game of this buildDRM1game of this buildEpicTyrannus1game of this build